 Dungeon Crawl Stone Soup version 0.31.0-11-ge490571c62 (webtiles) character file.

Game seed: 18313092153491476103

357 SnakkuSnakku7 the Cudgeller (level 6, -1/46 HPs)
             Began as a Djinni Chaos Knight on Jan 28, 2024.
             Was a Plaything of Xom.
             Slain by a redback (2 damage)
             ... on level 4 of the Dungeon.
             The game lasted 00:05:11 (3610 turns).

SnakkuSnakku7 the Cudgeller (Djinni Chaos Knight)   Turns: 3610, Time: 00:05:12

Health: -1/46      AC:  8    Str: 13    XL:     6   Next: 96%
Gold:   296        EV: 11    Int: 14    God:    Xom [...*..] SH:  0 Dex: 12

rFire   + + .        a - +0 flail
rCold   x . .        (no shield)
rNeg    . . .        b - +2 leather armour
rPois   ∞            t - +0 helmet
rElec   .            f - +0 cloak
rCorr   .            s - +0 pair of gloves
SInv    .            (boots unavailable)
Will    .....        (no amulet)
Stlth   +            (no ring)
HPRegen 0.27/turn    (no ring)
MPRegen 0.00/turn

%: infuse magic (-2 HP)
@: cleaving, flying
A: sickness immunity, fire resistance 2, cold vulnerability 1, float, innate
caster, HP casting, extra vitality 1
a: Renounce Religion


You were on level 4 of the Dungeon.
You worshipped Xom.
You were a favourite toy of Xom.
You visited 1 branch of the dungeon, and saw 4 of its levels.

You collected 296 gold pieces.

Inventory:

Hand Weapons
 a - a +0 flail (weapon)
 q - a +0 mace of chaos
Armour
 b - a +2 leather armour (worn)
 f - a +0 cloak (worn)
 o - an orb of guile
 s - a +0 pair of gloves (worn)
 t - a +0 helmet (worn)
Wands
 x - a wand of polymorph (7)
Scrolls
 g - 2 scrolls of fear {unknown}
 h - 2 scrolls of teleportation {unknown}
 j - a scroll of amnesia {unknown}
 p - 2 scrolls of enchant armour {unknown}
 r - 2 scrolls of revelation {unknown}
 u - a scroll of torment {unknown}
 v - a scroll of identify
 w - a scroll of enchant weapon {unknown}
Potions
 d - 3 potions of lignification
 e - 2 potions of might
 k - 2 potions of attraction
 l - 2 potions of curing {unknown}
 m - 2 potions of heal wounds
 n - a potion of haste


   Skills:
 - Level 3.0 Fighting
 + Level 6.0 Maces & Flails
 - Level 1.0 Armour
 - Level 2.1 Dodging


You knew the following spells:

 Your Spells              Type           Power      Damage    Failure   Level
a - Foxfire               Conj/Fire      0%         2x1d4     36%         1
b - Blink                 Tloc           0%         N/A       50%         2
Your spell library was empty.

Dungeon Overview and Level Annotations

Branches:
Dungeon (4/15)
 Temple: D:4-7

Altars:
Cheibriados
Fedhas


Innate Abilities, Weirdness & Mutations

You are immune to sickness and miasma.
You are immune to poison.
Your flesh is very heat resistant. (rF++)
You are vulnerable to cold. (rC-)
You float through the air rather than walking.
You learn spells naturally, not from books.
Your magical power is your life essence.
You have superior vitality. (+4 MHP)


Message History

The redback bites you but does no damage.
The redback bites you.
You hit the redback.
The redback is moderately wounded.
The redback bites you but does no damage.
You closely miss the redback.
The redback is lightly wounded.
The redback barely misses you. The redback bites you!
You closely miss the redback.
The redback is lightly wounded.
The redback bites you. The redback misses you.
You hit the redback.
The redback is moderately wounded.
The redback bites you!
You barely miss the redback.
The redback is moderately wounded.
The redback bites you but does no damage.
The redback barely misses you.
You sock the redback! Your punch misses the redback.
The redback is heavily wounded.
The redback bites you! The redback barely misses you.
You are too injured to fight recklessly!
You are too injured to fight recklessly!
You closely miss the redback.
The redback is heavily wounded.
The redback closely misses you.
You closely miss the redback.
The redback is heavily wounded.
The redback bites you!
* * * LOW HITPOINT WARNING * * *
The redback bites you.
* * * LOW HITPOINT WARNING * * *
Okay, then.
The air fills with toxic fumes!
As you read the scroll of poison, it crumbles to dust.
The redback misses you. The redback bites you!
* * * LOW HITPOINT WARNING * * *
The redback attacks as it pursues you! The redback bites you.
You die...
Xom chortles!

#.......§§§§§§§§§..§§§§###.# ##.#
#.......§§§§§§§§###§§§§....###..#
#.......§§§§§§§§§§§§§§.(.........
..###.##§§§§§§§§§§§§§............
..#######§§§§§§§§§§#.............
...### #§§§§§§§§§§##§§..........
.....# ###§§§§§§§§§§§#..#.###.#..
....####.#...#§s§#..#..#..# #.##.
.....#......##.§@#....###.###.##.
........##..§§##§§§...#....#..##.
........##§§§§..§§§§§......#.###.
........§§§#§...§§###§§.......###
........#§.#§...§§####§..........
........§..§#...§§§##............
..........§§....§§§#...##...#....
..#.##................####..#....
......)))..............##...#....


You could see a redback.

Vanquished Creatures
  A bombardier beetle (D:4)
  2 orc priests
  An orc wizard (D:3)
  7 gnolls
  An adder (D:3)
  A dart slug (D:1)
  A ribbon worm (D:4)
  16 orcs
  4 ball pythons
  3 endoplasms (D:1)
  9 giant cockroaches
  6 goblins
  7 hobgoblins
  3 jackals (D:1)
  2 quokkas
  8 bats
  3 frilled lizards
  7 kobolds
  3 rats
85 creatures vanquished.

Vanquished Creatures (collateral kills)
  A scorpion (D:4)
1 creature vanquished.

Grand Total: 86 creatures vanquished

Notes
Turn   | Place    | Note
-------+----------+-------------------------------------------
     0 | D:1      | SnakkuSnakku7 the Djinni Chaos Knight began the quest for
                  | the Orb.
     0 | D:1      | Reached XP level 1. HP: 20/20 MP: 0/0
    91 | D:1      | XOM: potion effect (might)
   128 | D:1      | Reached XP level 2. HP: 25/25 MP: 0/0
   129 | D:1      | XOM: 1-stop teleportation journey
   143 | D:1      | Reached skill level 3 in Maces & Flails
   307 | D:1      | XOM: divination: detect items
   346 | D:1      | Reached XP level 3. HP: 21/30 MP: 0/0
   346 | D:1      | Learned a level 1 spell: Foxfire
   858 | D:2      | XOM: stealth player
   957 | D:2      | Reached XP level 4. HP: 22/35 MP: 0/0
  1024 | D:2      | XOM: noise
  1054 | D:1      | XOM: cloud trail
  1124 | D:2      | XOM: smoke on damage
  1132 | D:2      | Reached skill level 4 in Maces & Flails
  1368 | D:2      | XOM: silly message
  1389 | D:2      | XOM: silly message
  1562 | D:2      | XOM: silly message
  1717 | D:3      | XOM: silly message
  1844 | D:3      | XOM: noise
  1949 | D:3      | Reached XP level 5. HP: 40/40 MP: 0/0
  1949 | D:3      | Learned a level 2 spell: Blink
  2166 | D:3      | XOM: summons friendly crimson imp
  2315 | D:3      | Found a faded altar of an unknown god.
  2364 | D:3      | Found a blossoming altar of Fedhas.
  2475 | D:3      | XOM: chaos upgrade
  2625 | D:3      | Reached skill level 5 in Maces & Flails
  2632 | D:3      | Reached XP level 6. HP: 38/46 MP: 0/0
  2711 | D:3      | You are sucked into a shaft and drop 1 floor!
  2761 | D:4      | XOM: summons 4 friendly demons
  2776 | D:4      | Found a snail-covered altar of Cheibriados.
  2893 | D:3      | XOM: summons 2 hostile shadow creatures
  3125 | D:4      | XOM: smoke on damage
  3126 | D:4      | Reached skill level 6 in Maces & Flails
  3286 | D:4      | a scorpion changed into a redback
  3286 | D:4      | Noticed a redback
  3286 | D:4      | XOM: polymorph scorpion -> redback
  3287 | D:4      | XOM: 1-stop teleportation journey
  3314 | D:4      | XOM: summons 1 hostile shadow creature
  3315 | D:4      | Noticed an ogre
  3600 | D:4      | XOM: cleaving
  3609 | D:4      | HP: 1/46 [redback (7)]
  3610 | D:4      | Slain by a redback

Illustrated notes

Levels and vault maps discovered:
D:1:      minmay_arrival_open_corners, layout_loops_ring, minmay_unequal
D:2:      layout_loops_cross, minmay_misc_feat_diagonals, grunt_decor_resistance
D:3:      minmay_roachtagon, layout_basic, mainiacjoe_overflow_surrounded_room,
          dreamdust_ecumenical_altar_hidden_monk_grotto
D:4:      layout_cave_pools, general_overflow_altar

Skill      XL: |  1  2  3  4  5  6 |
---------------+-------------------+-----
Maces & Flails | 3 4 5 6 |  6.0
Fighting       | |  3.0
Armour         | |  1.0
Dodging        | |  2.1

Action                     |  1- 3 |  4- 6 || total
---------------------------+-------+-------++-------
  Melee: Mace              |    74 |    41 ||   115
         Flail             |       |   188 ||   188
         Punch             |       |     3 ||     3
    Use: Scroll            |     2 |     7 ||     9
         Potion            |       |     1 ||     1
   Stab: Sleeping          |     2 |       ||     2
 Armour: Leather armour    |    47 |   221 ||   268
  Dodge: Dodged            |    44 |   176 ||   220
